 Dungeon Crawl Stone Soup version 0.21-a0-257-gbb444f2 (webtiles) character file.

511 Evilsethoss the Cudgeler (level 7, 0/44 HPs)
             Began as a Gargoyle Berserker on Sept 5, 2017.
             Was a Priest of Trog.
             Slain by a hound (2 damage)
             ... on level 5 of the Dungeon on Sept 6, 2017.
             The game lasted 00:23:19 (3363 turns).

Evilsethoss the Cudgeler (Gargoyle Berserker)       Turns: 3363, Time: 00:23:20

Health: 0/44       AC: 13    Str: 22    XL:     7   Next: 19%
Magic:  7/7        EV:  9    Int: 10    God:    Trog [***...]
Gold:   43         SH:  0    Dex:  9    Spells: 6/6 levels left

rFire    . . .     SeeInvis .   i - +0 flail
rCold    . . .     Gourm    .   (no shield)
rNeg     + . .     Faith    +   r - +0 chain mail (curse)
rPois    ∞         Spirit   .   (no helmet)
rElec    +         Reflect  .   (no cloak)
rCorr    .         Harm     .   (no gloves)
MR       +++..                  (no boots)
Stlth    ..........             d - amulet of faith
HPRegen  1.14/turn              v - +2 ring of intelligence
MPRegen  0.10/turn              y - ring of protection from magic

@: berserk cooldown, regenerating, slowed, very slow
A: negative energy resistance 1, electricity resistance, unbreathing,
petrification resistance, rot immunity, AC +4
a: Berserk, Trog's Hand, Burn Spellbooks, Renounce Religion


You were on level 5 of the Dungeon.
You worshipped Trog.
Trog was most pleased with you.
You were not hungry.

You visited 1 branch of the dungeon, and saw 5 of its levels.

You collected 141 gold pieces.
You spent 98 gold pieces at shops.

Inventory:

Hand Weapons
 a - a +0 mace
 i - a +0 flail (weapon)
 p - a +0 spear
 z - a +0 hand axe
 C - a +0 hand axe
Missiles
 j - 7 curare-tipped needles
 o - 17 poisoned needles
 q - 5 needles of sleeping
Armour
 b - a +0 animal skin
 r - a cursed +0 chain mail (worn)
 u - a +0 chain mail
Jewellery
 d - an amulet of faith (around neck)
 v - a +2 ring of intelligence (left hand)
 y - a ring of protection from magic (right hand)
 E - an uncursed ring of magical power {unknown}
Scrolls
 e - 4 scrolls of teleportation
 f - 2 scrolls of remove curse {unknown}
 h - 3 scrolls of identify {unknown}
 k - 2 scrolls of amnesia {unknown}
 m - a scroll of recharging {unknown}
 s - 2 scrolls of immolation {unknown}
 A - a scroll of enchant weapon {unknown}
 B - a scroll of fog {unknown}
Potions
 g - 2 potions of curing {unknown}
 l - a potion of degeneration {unknown}
 n - a potion of might {unknown}
 t - a potion of flight {unknown}
 w - 2 potions of heal wounds {unknown}
Comestibles
 c - 2 bread rations
 x - 3 meat rations
 D - 3 chunks of flesh
 F - a royal jelly


   Skills:
 + Level 5.0 Fighting
 + Level 6.0 Maces & Flails
 + Level 3.1 Armour
 + Level 2.9 Dodging
 + Level 0.8 Stealth


You had 6 spell levels left.
You didn't know any spells.

Dungeon Overview and Level Annotations

Branches:
Dungeon (5/15)
 Temple: D:4-7

Altars:
Ashenzari
Fedhas
Gozag
Makhleb
Qazlal
Sif Muna
Xom

Shops:
D:5 %


Innate Abilities, Weirdness & Mutations

You are resistant to torment.
Your stone body is resilient. (AC +4)
You are immune to poison.
You resist negative energy. (rN+)
You are resistant to electric shocks. (rElec)
You can survive without breathing.
You are immune to petrification.
You are immune to rotting.


Message History

The iguana closely misses you.
The necrophage hits you but does no damage.
The bullfrog barely misses you. The orc priest closely misses you.
The orc hits you from afar with a trident.
* * * LOW HITPOINT WARNING * * *
You closely miss the necrophage.
The necrophage is almost destroyed.
The hound bites you.
* * * LOW HITPOINT WARNING * * *
The bullfrog hits you.
* * * LOW HITPOINT WARNING * * *
The centaur skeleton hits you but does no damage.
The hound bites you but does no damage. The orc hits you but does no damage.
The iguana barely misses you.
The necrophage hits you but does no damage.
The orc priest closely misses you.
The bullfrog hits you but does no damage.
The centaur skeleton closely misses you.
The orc hits you but does no damage. The hound bites you.
You die...

.. ##........<......
...... #.>.........<....
....h.. ###........####
.......###.........##
..........>............
........................
......###...............
......lnh..∩.......##...
.....#@...#........##..
####ooFZ###......... ..
....o.Z...........#
##......###....).##
#.....#.# ########
....####.. .#.# ##. ..
..


You could see a necrophage, a bullfrog, an iguana, a hound, an orc priest, 2
orcs, a leopard gecko zombie and a centaur skeleton.

Vanquished Creatures
  An ogre (D:4)
  A bullfrog (D:4)
  2 orc priests
  A hound (D:4)
  2 orc wizards
  Jessica (D:3)
  Terence (D:3)
  A worker ant (D:4)
  6 adders
  An ooze (D:1)
  A worm (D:3)
  A dart slug (D:2)
  A leopard gecko (D:4)
  17 orcs
  A ball python (D:1)
  4 bats
  4 giant cockroaches
  5 goblins
  2 hobgoblins
  4 jackals
  2 quokkas (D:3)
  4 frilled lizards
  4 kobolds
  10 rats
  3 fungi (D:3)
80 creatures vanquished.

Notes
Turn   | Place    | Note
-------+----------+-------------------------------------------
     0 | D:1      | Evilsethoss the Gargoyle Berserker began the quest for the Orb.
     0 | D:1      | Reached XP level 1. HP: 14/14 MP: 1/1
   384 | D:1      | Reached XP level 2. HP: 11/19 MP: 2/2
  1095 | D:2      | Reached XP level 3. HP: 19/24 MP: 3/3
  1132 | D:2      | Reached ** piety under Trog
  1340 | D:2      | Found a shattered altar of Ashenzari.
  1392 | D:2      | Found a burning altar of Makhleb.
  1408 | D:2      | Found an opulent altar of Gozag.
  1744 | D:3      | Reached XP level 4. HP: 29/29 MP: 4/4
  1853 | D:3      | Reached skill level 4 in Maces & Flails
  1896 | D:3      | Noticed Terence
  1913 | D:3      | Killed Terence
  1913 | D:3      | Reached XP level 5. HP: 17/33 MP: 5/5
  2139 | D:3      | Noticed Jessica
  2161 | D:3      | Killed Jessica
  2340 | D:3      | Found a faded altar of an unknown god.
  2453 | D:3      | Found a blossoming altar of Fedhas.
  2868 | D:4      | Noticed an ogre
  2875 | D:4      | Killed an ogre
  2875 | D:4      | Reached skill level 5 in Maces & Flails
  2875 | D:4      | Reached XP level 6. HP: 19/39 MP: 6/6
  2878 | D:4      | Reached *** piety under Trog
  2963 | D:4      | Found a faded altar of an unknown god.
  2963 | D:4      | Found a deep blue altar of Sif Muna.
  2987 | D:4      | Found a shimmering altar of Xom.
  2994 | D:4      | Found a faded altar of an unknown god.
  2996 | D:4      | Found a stormy altar of Qazlal.
  3190 | D:4      | Reached XP level 7. HP: 37/44 MP: 7/7
  3241 | D:4      | Reached skill level 5 in Fighting
  3318 | D:5      | Entered Level 5 of the Dungeon
  3319 | D:5      | Found Kydaich's Food Shoppe.
  3341 | D:5      | Bought a royal jelly for 28 gold pieces
  3341 | D:5      | Bought a bread ration for 70 gold pieces
  3358 | D:5      | Reached skill level 6 in Maces & Flails
  3363 | D:5      | HP: 2/44 [bullfrog (5)]
  3363 | D:5      | Slain by a hound

Vault maps used:
D:1:      lemuel_arrival_funnel, due_unseen_surprise
D:2:      minmay_overflow_temple_star_quad
D:3:      fedhas_altar_3, chequers_ecumenical_altar_simple_redux, moated_statue,
          minmay_misc_feat_tiny, corexii_hall_statues_i,
          kennysheep_jessica_study, uniq_terence
D:4:      chequers_temple_overflow_minitemple, first_bread
D:5:      serial_shops, shop

Skill      XL: |  1  2  3  4  5  6  7 |
---------------+----------------------+-----
Dodging        | 2 |  2.9
Fighting       | 4 5 |  5.0
Maces & Flails | 4 5 6 |  6.0
Armour         | 3 |  3.1
Stealth        | |  0.8

Action                   |  1- 3 |  4- 6 |  7- 9 || total
-------------------------+-------+-------+-------++-------
Melee: Mace              |   114 |    39 |       ||   153
       Flail             |       |   148 |    44 ||   192
Invok: Trog's Hand       |       |     3 |     1 ||     4
       Berserk           |       |     2 |     2 ||     4
  Use: Scroll            |       |     1 |       ||     1
  Eat: Chunk             |     2 |     1 |       ||     3
       Royal jelly       |       |     1 |       ||     1
       Meat ration       |       |     1 |       ||     1
       Bread ration      |       |     1 |       ||     1
Armor: Animal skin       |    45 |    25 |       ||    70
       Chain mail        |       |    96 |    75 ||   171
Dodge: Dodged            |    81 |   102 |    75 ||   258

Table legend:
 A = Spawn XP
 B = Non-spawn XP
 C = Spawn XP percentage of total XP
 D = Spawn monster count
 E = Non-spawn monster count
 F = Spawn count percentage of total count
 G = Total turns spent on level
                    A         B        C        D         E        F      G
               +---------+---------+-------+---------+---------+-------+---------
         Total |       0 |     731 |   0.0 |       0 |      77 |   0.0 |  3363
               +---------+---------+-------+---------+---------+-------+---------
           D:1 |       0 |      28 |   0.0 |       0 |      13 |   0.0 |  1086
           D:2 |       0 |      49 |   0.0 |       0 |      17 |   0.0 |   638
           D:3 |       0 |     174 |   0.0 |       0 |      21 |   0.0 |  1024
           D:4 |       0 |     442 |   0.0 |       0 |      24 |   0.0 |   570
           D:5 |       0 |      38 |   0.0 |       0 |       2 |   0.0 |    45
               +---------+---------+-------+---------+---------+-------+---------
